 Dungeon Crawl Stone Soup version 0.15-a0-86-gda4a099 (webtiles) character file.

2 Kanakotka the Grasshopper (level 1, -3/19 HPs)
             Began as a Naga Warper on Apr 7, 2014.
             Slain by a hobgoblin (5 damage)
             ... on Level 1 of the Dungeon.
             The game lasted 00:01:11 (84 turns).

Kanakotka the Grasshopper (Naga Warper)               Turns: 84, Time: 00:01:11

HP  -3/19        AC  1     Str 13      XL: 1   Next: 30%
MP   3/3         EV  9     Int 13      God:
Gold 0           SH  0     Dex 10      Spells:  1 memorised,  3 levels left

rFire  . . .     SeeInvis +     a - +0 short sword
rCold  . . .     Clarity  .     b - +0 leather armour
rNeg   . . .     Conserve .     (no shield)
rPois  +         rCorr    .     (no helmet)
rElec  .         rRot     .     (no cloak)
SustAb . .       Spirit   .     (no gloves)
rMut   .         Warding  .     (no barding)
Saprov . . .     Stasis   .     (no amulet)
MR     .....                    (no ring)
                                (no ring)

@: very slow, not resistant to hostile enchantments, very unstealthy
A: spit poison, see invisible, deformed body, poison resistance, slowness 2
a: Spit Poison


You were on level 1 of the Dungeon.
You were not hungry.

You visited 1 branch of the dungeon, and saw 1 of its levels.

Inventory:

Hand weapons
 a - a +0,+0 short sword (weapon)
Missiles
 e - 15 darts (quivered)
 f - 10 darts of dispersal
Armour
 b - a +0 leather armour (worn)
Comestibles
 g - a bread ration
 i - a chunk of giant gecko flesh
Scrolls
 d - a scroll of blinking
Potions
 h - a potion of haste {unknown}
Books
 c - a book of Spatial Translocations

   Spells                             Type                      Level
   *Apportation                       Translocation                1
   Blink                              Translocation                2
   Shroud of Golubria                 Charms/Translocation         2
   Portal Projectile                  Translocation                3
   Teleport Other                     Translocation                3
   Passage of Golubria                Translocation                4


   Skills:
 + Level 2.0 Fighting
 + Level 2.0 Short Blades
 - Level 1.0 Throwing
 - Level 0.7 Armour
 + Level 1.6 Dodging
 + Level 0.0 Stealth
 + Level 0.0 Unarmed Combat
 + Level 2.0 Spellcasting
 + Level 3.0 Translocations


You had 3 spell levels left.
You knew the following spells:

 Your Spells              Type           Power        Failure   Level  Hunger
a - Apportation           Tloc           #.........   10%         1    ##.....


Dungeon Overview and Level Annotations

Branches:
Dungeon (1/15)

Altars:


Innate Abilities, Weirdness & Mutations

You cannot wear boots.
You can spit poison.
You have supernaturally acute eyesight.
Armour fits poorly on your strangely shaped body.
Your system is resistant to poisons.
You cover ground very slowly.


Message History

The bat hits you but does no damage. The bat barely misses you.
You hit the bat.
The bat is moderately wounded.
The bat closely misses you.
A goblin comes into view. It is wielding a club.
The bat barely misses you.
The goblin shouts!
Use which ability? (? or * to list)
Press: ? - help, Shift-Dir - straight line, f - hobgoblin
Aim: a hobgoblin The splash of poison misses the hobgoblin.
You feel slightly more hungry. The hobgoblin barely misses you.
You closely miss the hobgoblin. The hobgoblin closely misses you.
You hit the hobgoblin.
The hobgoblin is moderately wounded.
You have got your breath back.
The hobgoblin hits you.
* * * LOW HITPOINT WARNING * * *
The hobgoblin hits you.
You die...

#...#........
#...#########
##[..##
#.....#
#######.#.#.#
#.....(...#.#
#.#.###.###.##
#.#..........#
#....##@####.#
#....##g# #...
#...g.b.#
#####
#####..#####
#.......######
#.###........#
#.......####.#
#..g..#.#
#..... .#


You could see a hobgoblin and a bat.

Vanquished Creatures
  A giant gecko (D:1)
1 creature vanquished.

Vanquished Creatures (others)
  A minotaur (D:1)
  A draconian (D:1)
  A gargoyle (D:1)
  A troll (D:1)
  A vampire (D:1)
  2 nagas (D:1)
  2 dwarves (D:1)
  An ogre (D:1)
  2 centaurs (D:1)
  5 tentacles (D:1)
  24 tentacle segments (D:1)
41 creatures vanquished.

Grand Total: 42 creatures vanquished

Notes
Turn   | Place    | Note
--------------------------------------------------------------
     0 | D:1      | Kanakotka, the Naga Warper, began the quest for the Orb.
     0 | D:1      | Reached XP level 1. HP: 19/19 MP: 3/3
     0 | D:1      | Noticed a gargoyle
     0 | D:1      | Noticed a minotaur
     0 | D:1      | Noticed a dwarf
     0 | D:1      | Noticed a centaur
     0 | D:1      | Noticed a centaur
     0 | D:1      | Noticed a vampire
     0 | D:1      | Noticed a kraken
     0 | D:1      | Noticed an ogre
     0 | D:1      | Noticed a dwarf
     0 | D:1      | Noticed a naga
     0 | D:1      | Noticed a draconian
     0 | D:1      | Noticed a naga
     0 | D:1      | Noticed a troll
     4 | D:1      | Killed a gargoyle
     5 | D:1      | Killed a centaur
     7 | D:1      | Killed a minotaur
     8 | D:1      | Killed a vampire
     9 | D:1      | Killed a dwarf
     9 | D:1      | Killed a centaur
     9 | D:1      | Killed a dwarf
    11 | D:1      | Killed an ogre
    12 | D:1      | Killed a draconian
    12 | D:1      | Killed a troll
    14 | D:1      | Killed a naga
    14 | D:1      | Killed a naga
    63 | D:1      | Reached skill level 1 in Throwing
    84 | D:1      | Slain by a hobgoblin

Action                   || total
-------------------------++-------
Melee: Short sword       ||     9
 Abil: Spit Poison       ||     1
